 Dungeon Crawl Stone Soup version 0.29-a0-972-g43c84944fd (webtiles) character file.

Game seed: 6291508740171119577

3334 Flugkiller the Arsonist (level 9, -4/53 HPs)
             Began as a Deep Elf Fire Elementalist on July 31, 2022.
             Was a Priest of Sif Muna.
             Engulfed by a cloud of steam (9 damage)
             ... on level 8 of the Dungeon.
             The game lasted 00:15:13 (8333 turns).

Flugkiller the Arsonist (DEFE)                      Turns: 8333, Time: 00:15:13

Health: -4/53      AC:  5    Str: 11    XL:     9   Next: 72%
Magic:  14/23      EV: 14    Int: 25    God:    Sif Muna [***...]
Gold:   436        SH:  0    Dex: 15    Spells: 11/24 levels left

rFire   . . .      SeeInvis .   o - staff of conjuration
rCold   + . .      Faith    .   (no shield)
rNeg    . . .      Spirit   .   D - +2 robe
rPois   .          Reflect  .   m - +0 helmet
rElec   .          Harm     .   (no cloak)
rCorr   .          Rampage  .   (no gloves)
Will    .....                   (no boots)
Stlth   ++........              (no amulet)
HPRegen 0.17/turn               p - ring of protection from cold
MPRegen 0.18/turn               f - +6 ring of strength

@: no status effects
A: no striking features
a: Renounce Religion, Channel Magic, Forget Spell


You were on level 8 of the Dungeon.
You worshipped Sif Muna.
Sif Muna was most pleased with you.
You visited 1 branch of the dungeon, and saw 8 of its levels.
You also visited: Sewer.

You collected 436 gold pieces.

Inventory:

Hand Weapons
 d - a +0 short sword of speed
   (You took it off a kobold on level 1 of the Dungeon)
 l - a +2 dagger of draining
   (You took it off Robin on level 3 of the Dungeon)
Missiles
 q - a curare-tipped dart
Armour
 m - a +0 helmet (worn)
   (You took it off Robin on level 3 of the Dungeon)
 D - a +2 robe (worn)
   (You took it off Sigmund on level 4 of the Dungeon)
Magical Staves
 o - a staff of conjuration (weapon)
   (You found it on level 2 of the Dungeon)
Jewellery
 f - a +6 ring of strength (right hand)
   (You found it on level 5 of the Dungeon)
 p - a ring of protection from cold (left hand)
   (You found it on level 2 of the Dungeon)
 z - a ring of flight
   (You found it on level 6 of the Dungeon)
 B - a ring of ice
   (You found it on level 7 of the Dungeon)
Scrolls
 c - 3 scrolls of amnesia
 e - a scroll of torment {unknown}
 j - a scroll of silence {unknown}
 n - a scroll of enchant armour {unknown}
 r - a scroll of identify
 t - 6 scrolls of teleportation
 u - a scroll of vulnerability {unknown}
 v - a scroll of magic mapping {unknown}
 w - a scroll of summoning {unknown}
 y - a scroll of noise {unknown}
Potions
 b - a potion of magic
 g - 2 potions of flight {unknown}
 h - 2 potions of haste
 i - a potion of curing {unknown}
 k - 4 potions of mutation
 s - a potion of attraction {unknown}
 x - a potion of cancellation {unknown}
 A - a potion of resistance {unknown}
 C - a potion of might {unknown}


   Skills:
 + Level 4.8 Fighting
 - Level 6.0 Dodging
 - Level 2.4 Stealth
 - Level 8.0 Spellcasting
 - Level 6.0 Conjurations
 - Level 3.0 Hexes
 - Level 8.0 Fire Magic
 - Level 5.0 Invocations


You had 11 spell levels left.
You knew the following spells:

 Your Spells              Type           Power      Damage    Failure   Level
a - Foxfire               Conj/Fire      100%       2x1d9     1%          1
b - Scorch                Fire           100%       2d10      1%          2
c - Conjure Flame         Conj/Fire      61%        6-21      1%          3
d - Inner Flame           Hex/Fire       37%        N/A       1%          3
e - Flame Wave            Conj/Fire      61%        2d14      3%          4

Your spell library contained the following spells:

 Spells                   Type           Power      Damage    Failure   Level
 Apportation              Tloc           20%        N/A       6%          1
 Alistair's Intoxication  Tmut/Pois      6%         N/A       86%         5


Dungeon Overview and Level Annotations

Branches:
Dungeon (8/15) Zot: 26868  Temple (0/1) D:4           Sewer (visited)
   Lair: D:8-11

Altars:
Dithmenos
Elyvilon
Makhleb
Sif Muna
Yredelemnul

Annotations:
D:5 1 runed translucent door, AnimeWaifu's ghost, novice TrBe


Message History

A wave of flame ripples out!
The flame wave engulfs the ice beast!!
The ice beast melts!
You kill the ice beast!
Sif Muna accepts your kill.
You start resting.
Magic restored.
You start waiting.
Done waiting.
r - a scroll of identify;
D - a +2 robe (worn)
There is an open door here.
There is an open door here.
Done exploring.
Done exploring.
Done exploring.
(D) Dungeon (T) Temple
Where to? (Enter - D:7, ? - help)
Things that are here:
a +0 dagger; a +0 robe
There is a stone staircase leading down here.
You climb downwards.
Found a potion of mutation.
Found a stone staircase leading down.
There is a stone staircase leading up here.
A steam dragon comes into view.
Found a scroll of amnesia.
The steam dragon hisses angrily.
A steam dragon is nearby!
Casting: Flame Wave (dangerous; 3% risk of failure)
Confirm with . or Enter, or press ? or * to list all spells.
You feel a surge of power!
You conjure some foxfire!
The steam dragon breathes steam at you. The ball of steam hits you!
You hear a bellow!
You hear a shout!
Casting: Foxfire (safe; 1% risk of failure)
Confirm with . or Enter, or press ? or * to list all spells.
You feel a surge of power!
You conjure some foxfire!
You are engulfed in a cloud of scalding steam.
An orc comes into view. It is wielding a +0 dagger.
You are engulfed in a cloud of scalding steam.
The foxfire hits the orc!
You kill the orc!
Sif Muna accepts your kill.
There is a stone staircase leading up here.
Your foxfire dissipates! x2
You climb upwards.
There is a stone staircase leading down here.
You start resting.
Magic restored.
You start resting.
HP restored.
You climb downwards.
The steam dragon breathes steam at you. The ball of steam hits you!!
You hear a bellow!
You hear a shout!
There is a stone staircase leading up here.
You aren't carrying any items that you can evoke.
Unknown command.
Okay, then.
Casting: Foxfire (safe; 1% risk of failure)
Confirm with . or Enter, or press ? or * to list all spells.
You can't see any susceptible monsters within range! (Use Z to cast anyway.)
Casting: Foxfire (safe; 1% risk of failure)
Confirm with . or Enter, or press ? or * to list all spells.
You feel a surge of power!
A wave of flame ripples out! (Press . to intensify the flame waves.)
You hear a shout! x4
A wave of flame ripples out!
You hear a shout! x2
A wave of flame ripples out!
The flame wave engulfs the steam dragon!
The steam dragon is heavily wounded.
You finish channelling waves of flame.
You hear a shout!
You hear a bellow! x2; You hear a shout!
You hear a bellow!
You hear a shout!
You hear a bellow! x2
Casting: Flame Wave (dangerous; 3% risk of failure)
Confirm with . or Enter, or press ? or * to list all spells.
Flames lash the steam dragon.
The steam dragon is almost dead.
The steam dragon's fire resistance burns away.
A shadow imp comes into view.
An orc warrior comes into view. It is wielding a +0 flail.
The steam dragon breathes steam at you. The ball of steam hits you!!
* * * LOW HITPOINT WARNING * * *
Casting: Scorch (safe; 1% risk of failure)
Confirm with . or Enter, or press ? or * to list all spells.
Flames lash the steam dragon.
The steam dragon is burned terribly!
You kill the steam dragon!
Sif Muna accepts your kill.
You are engulfed in a cloud of scalding steam.
* * * LOW HITPOINT WARNING * * *
You hear a shout!
The orc warrior unwields a +0 flail.
The orc warrior wields a +0 arbalest.
The orc warrior shoots a bolt.
The bolt misses you.
Unknown command.
Okay, then.
As you read the scroll of fear, it crumbles to dust.
You assume a fearsome visage.
The orc warrior looks frightened!
The shadow imp looks frightened!
You are engulfed in a cloud of scalding steam.
You die...

............#
............#
.....Y......
..!........#
....... ...###
.......##....# #
........#.##.#..#
###....@ยงยง>#
#.5.<......#
)....####.#...o.#
.....? #........#
..#.# .#.##.##.#
. #. #. .# .# . .
## .. . # ### ##


You could see an orc warrior (fleeing) and a shadow imp (fleeing).

Vanquished Creatures
  Sigmund (D:4)
  2 steam dragons
  Edmund (D:6)
  2 water moccasins
  An orc warrior (D:7)
  A sky beast (D:7)
  3 ice beasts
  A black bear (D:4)
  A phantom (D:6)
  3 kobold brigands (Sewer)
  3 bullfrogs
  3 gnoll sergeants
  A necrophage (D:5)
  A scorpion (D:6)
  5 killer bees (D:5)
  5 hounds
  A gnoll bouda (D:5)
  5 orc priests
  3 jellies
  5 iguanas
  2 orc wizards
  Robin (D:3)
  24 gnolls
  A river rat (Sewer)
  8 adders
  A shadow imp (D:6)
  A white imp (D:7)
  An ufetubus (D:7)
  A worm (Sewer)
  4 dart slugs
  20 orcs
  5 endoplasms
  7 giant cockroaches
  9 goblins
  10 hobgoblins
  12 jackals
  2 quokkas
  10 ball pythons
  6 bats
  12 frilled lizards
  15 kobolds
  4 rats
  A spectral kobold (D:2)
205 creatures vanquished.

Vanquished Creatures (collateral kills)
  7 foxfires (D:6)
7 creatures vanquished.

Vanquished Creatures (others)
  688 foxfires
  8 plants (D:6)
696 creatures vanquished.

Grand Total: 908 creatures vanquished

Notes
Turn   | Place    | Note
-------+----------+-------------------------------------------
     0 | D:1      | Flugkiller the Deep Elf Fire Elementalist began the quest
                  | for the Orb.
     0 | D:1      | Reached XP level 1. HP: 10/10 MP: 6/6
   311 | D:1      | Reached XP level 2. HP: 15/15 MP: 6/8
   997 | D:2      | Learned a level 2 spell: Scorch
  1201 | D:2      | Reached XP level 3. HP: 18/19 MP: 7/10
  1350 | D:2      | Found a faded altar of an unknown god.
  1736 | D:3      | Reached XP level 4. HP: 24/24 MP: 9/12
  1776 | D:3      | Noticed Robin
  2083 | D:3      | Reached skill level 5 in Fire Magic
  2266 | D:3      | Killed Robin
  2338 | D:3      | Found a glowing drain.
  2361 | Sewer    | Entered a sewer
  2373 | Sewer    | Noticed a kobold brigand
  2378 | Sewer    | Killed a kobold brigand
  2379 | Sewer    | Reached XP level 5. HP: 28/28 MP: 5/13
  2441 | Sewer    | Learned a level 3 spell: Conjure Flame
  2445 | Sewer    | Learned a level 3 spell: Inner Flame
  2461 | Sewer    | Reached skill level 1 in Fighting
  2678 | Sewer    | Reached skill level 1 in Hexes
  2678 | Sewer    | Reached XP level 6. HP: 35/35 MP: 7/14
  2765 | Sewer    | Gained mutation: You are robust. (+10% HP) [potion of
                  | mutation]
  2765 | Sewer    | Lost mutation: You are robust. (+10% HP) [potion of
                  | mutation]
  2768 | Sewer    | Reached skill level 5 in Spellcasting
  3378 | D:4      | Noticed Sigmund
  3385 | D:4      | Killed Sigmund
  3386 | D:4      | Reached XP level 7. HP: 40/40 MP: 9/18
  3452 | D:4      | Learned a level 4 spell: Flame Wave
  3673 | D:4      | Found a burning altar of Makhleb.
  3676 | D:4      | Found a shimmering blue altar of Sif Muna.
  3724 | D:4      | Became a worshipper of Sif Muna the Loreminder
  3789 | D:4      | Found a white marble altar of Elyvilon.
  3903 | D:4      | Found a basalt altar of Yredelemnul.
  4312 | D:4      | Found a staircase to the Ecumenical Temple.
  4414 | D:5      | Entered Level 5 of the Dungeon
  4560 | D:5      | Reached * piety under Sif Muna
  4761 | D:5      | Reached XP level 8. HP: 44/44 MP: 14/19
  4793 | D:5      | Found a shadowy altar of Dithmenos.
  4804 | D:5      | Reached skill level 5 in Dodging
  4808 | D:5      | Reached skill level 5 in Conjurations
  5152 | D:5      | Found a runed translucent door.
  5157 | D:5      | Noticed AnimeWaifu's ghost (novice TrBe)
  5332 | D:5      | Reached ** piety under Sif Muna
  6016 | D:6      | Reached skill level 1 in Invocations
  6435 | D:6      | Reached XP level 9. HP: 50/50 MP: 13/20
  6594 | D:6      | Noticed Edmund
  6628 | D:6      | Killed Edmund
  6911 | D:6      | Reached skill level 5 in Invocations
  7774 | D:7      | Reached *** piety under Sif Muna
  8333 | D:8      | Engulfed by a cloud of steam

Illustrated notes

Levels and vault maps discovered:
D:1:      scummos_arrival_simple_fountains, layout_loops_ring
D:2:      layout_basic, dreamdust_ecumenical_altar_drowned_temple
D:3:      layout_loops_ring, portal_sewer_entry_b, uniq_robin
D:4:      layout_gridville, kennysheep_ying_yang, minitemple,
          minmay_temple_entry_proselytizer, sigmund_army
D:5:      layout_loops_cross, general_overflow_altar,
          ebering_ghost_reflecting_pool, minmay_crystal_water, lightli_minifort
D:6:      layout_basic, kennysheep_crisscross, minmay_lizard_king, uniq_sigmund,
          uniq_edmund
D:7:      layout_basic, nicolae_overflow_hidden_temple, nrook_mini_backslash
D:8:      layout_rooms, lemuel_doored_altar, mainiacjoe_overflow_chevrons

Skill      XL: |  1  2  3  4  5  6  7  8  9 |
---------------+----------------------------+-----
Conjurations   | 2 3 6 |  6.0
Spellcasting   | 4 6 8 |  8.0
Fire Magic     | 4 6 7 8 |  8.0
Fighting       | 2 3 4 |  4.8
Hexes          | 1 2 3 |  3.0
Dodging        | 4 5 6 |  6.0
Invocations    | 2 5 |  5.0
Stealth        | |  2.4

Action                   |  1- 3 |  4- 6 |  7- 9 || total
-------------------------+-------+-------+-------++-------
Melee: Staff             |       |     2 |     1 ||     3
 Cast: Foxfire           |    83 |    94 |   283 ||   460
       Inner Flame       |       |     2 |     5 ||     7
       Flame Wave        |       |       |    16 ||    16
       Conjure Flame     |       |       |     5 ||     5
       Scorch            |       |       |     3 ||     3
  Use: Scroll            |       |     3 |     3 ||     6
       Potion            |       |     1 |     1 ||     2
Armor: Robe              |    12 |     5 |    20 ||    37
Dodge: Dodged            |    32 |    13 |    49 ||    94

Table legend: (Time is in decaauts)
 A = Elapsed time spent in this place.
 B = Non-inter-level travel time spent in this place.
 C = Inter-level travel time spent in this place.
 D = Time resting spent in this place.
 E = Time spent auto-exploring this place.
 F = Levels seen in this place.
 G = Mean time per level.
                   A        B        C        D        E       F      G
               +--------+--------+--------+--------+--------+-----+--------+
         Total |   8427 |   8153 |    274 |   2551 |   3735 |   9 |  936.3 |
       Dungeon |   7682 |   7408 |    274 |   2254 |   3456 |   8 |  960.2 |
         Sewer |    745 |    745 |      0 |    297 |    279 |   1 |  745.0 |
               +--------+--------+--------+--------+--------+-----+--------+

Top non-repeatable levels by time:
     D:6: 1401 daAuts
     D:4: 1356 daAuts
     D:5: 1230 daAuts
     D:2: 1061 daAuts
     D:7: 986 daAuts
     D:1: 896 daAuts
   Sewer: 745 daAuts
     D:3: 735 daAuts
     D:8: 15 daAuts
